 Dungeon Crawl Stone Soup version 0.24-a0-415-g6d73c25 (webtiles) character file.

Game seed: 8515427746585618054

12702 Deathlysoul the Fighter (level 11, -3/102 HPs)
             Began as a Minotaur Fighter on June 7, 2019.
             Was a High Priest of Okawaru.
             Killed from afar by a swamp worm (12 damage)
             ... with a harpoon shot
             ... on level 11 of the Dungeon.
             The game lasted 00:26:07 (14621 turns).

Deathlysoul the Fighter (Minotaur Fighter)         Turns: 14621, Time: 00:26:08

Health: -3/102     AC: 10    Str: 23    XL:     11   Next: 65%
Magic:  10/10      EV: 13    Int:  5    God:    Okawaru [*****.]
Gold:   500        SH: 13    Dex: 11    Spells: 10/10 levels left

rFire    . . .     SeeInvis .   k - +4 whip of Von Use {freeze, rC+}
rCold    + . .     Gourm    .   c - +1 shield
rNeg     . . .     Faith    .   b - +0 scale mail
rPois    .         Spirit   .   (helmet restricted)
rElec    .         Reflect  .   (no cloak)
rCorr    .         Harm     .   m - +0 pair of gloves
MR       .....                  (no boots)
Stlth    +.........             (no amulet)
HPRegen  0.27/turn              (no ring)
MPRegen  0.12/turn              F - ring of stealth

@: no status effects
A: retaliatory headbutt, horns 2
a: Heroism, Finesse, Renounce Religion


You were on level 11 of the Dungeon.
You worshipped Okawaru.
Okawaru was extremely pleased with you.
You were hungry.

You visited 2 branches of the dungeon, and saw 12 of its levels.

You collected 500 gold pieces.

Inventory:

Hand Weapons
 a - a +1 flail
 k - the +4 whip of Von Use (weapon) {freeze, rC+}
   (You found it on level 4 of the Dungeon)

   It has been specially enchanted to freeze those struck by it, causing extra
   injury to most foes and up to half again as much damage against particularly
   susceptible opponents.
   It can also slow down cold-blooded creatures.
   It protects you from cold.
 E - a +0 hand crossbow
Missiles
 j - 16 curare-tipped darts (quivered)
Armour
 b - a +0 scale mail (worn)
 c - a +1 shield (worn)
 m - a +0 pair of gloves (worn)
Jewellery
 e - a +2 ring of protection {unknown}
 w - a +4 ring of protection {unknown}
 F - a ring of stealth (right hand)
Wands
 l - a wand of paralysis (9)
 o - a wand of iceblast (4)
 A - a wand of random effects (20)
 H - a wand of polymorph (5)
 M - a wand of acid (3)
Scrolls
 i - 5 scrolls of remove curse
 r - a scroll of magic mapping
 t - 3 scrolls of amnesia
 v - 3 scrolls of fear
 x - a scroll of fog
 C - 2 scrolls of enchant armour
Potions
 d - a potion of might
 g - a potion of invisibility {unknown}
 h - a potion of curing
 n - a potion of agility {unknown}
 p - 2 potions of brilliance
 s - 6 potions of flight
 u - a potion of cancellation {unknown}
 z - 2 potions of lignification
 B - a potion of heal wounds {unknown}
 G - a potion of haste
 K - 2 potions of resistance
Comestibles
 f - 20 rations


   Skills:
 * Level 11.1 Fighting
 * Level 10.8 Maces & Flails
 - Level 10.0 Armour
 * Level 9.6 Dodging
 - Level 10.0 Shields


You had 10 spell levels left.
You didn't know any spells.
Your spell library was empty.

Dungeon Overview and Level Annotations

Branches:
Dungeon (11/15)            Temple (1/1) D:7            Lair (0/6) D:9
    Orc: D:9-12

Altars:
Ashenzari
Cheibriados
Dithmenos
Elyvilon
Fedhas
Hepliaklqana
Kikubaaqudgha
Nemelex Xobeh
Okawaru
Qazlal
Ru
Sif Muna
Trog
Xom
Yredelemnul
The Shining One

Annotations:
D:3 1 runed translucent door, Crazy Yiuf
D:7 Dowan
D:10 2 exclusions


Innate Abilities, Weirdness & Mutations

You reflexively headbutt those who attack you in melee.
You have a pair of horns on your head.


Message History

* * * LOW HITPOINT WARNING * * *
You are yanked forward by the harpoon shot.
Splash!
You block the swamp worm's attack. The swamp worm misses you.
The swamp worm completely misses you. You furiously retaliate!
You headbutt the swamp worm! The swamp worm closely misses you.
You block the swamp worm's attack.
The swamp worm throws harpoon shot at you.
You block the harpoon shot. You block the swamp worm's attack.
The swamp worm bites you.
* * * LOW HITPOINT WARNING * * *
The swamp worm bites you!
* * * LOW HITPOINT WARNING * * *
The swamp worm throws harpoon shot at you.
You block the harpoon shot. The swamp worm closely misses you.
The swamp worm throws harpoon shot at you.
The harpoon shot misses you.
The swamp worm throws harpoon shot at you.
The harpoon shot hits you!
You die...

..w...[........
(.####.≈≈≈≈#### .
##≈≈≈≈≈≈## ##≈≈≈≈≈≈≈≈##
≈#.#≈≈≈≈≈≈≈≈≈≈#
≈....≈≈≈≈≈≈≈≈##
≈##.##≈≈≈≈≈≈######
#.#..≈≈≈≈..ww..#
≈......#≈≈######@#
≈......#### #.# .......#
#.# .[.....# #)# ....#..#
#.# ....#..# #.# ....#..#
#.####### .......####
####.......##
.#####..#≈###........)..#


You could see 2 swamp worms.

Vanquished Creatures
  A hydra (D:8)
  A two-headed ogre (D:8)
  Pikel (D:6)
  An ugly thing (D:11)
  A cyclops (D:10)
  2 trolls
  Prince Ribbit (D:6)
  2 dream sheep (D:8)
  2 wyverns
  Eustachio (D:6)
  12 yaks
  A hungry ghost (D:11)
  Menkaure (D:6)
  3 porcupines (D:9)
  Duvessa (D:7)
  3 slaves
  A black bear (D:9)
  4 orc warriors
  5 sky beasts
  6 ogres
  5 phantoms
  6 centaurs
  7 big kobolds
  6 bullfrogs
  3 gnoll sergeants
  A wyvern skeleton (D:6)
  2 scorpions
  8 killer bees
  8 wights (D:9)
  2 electric eels (D:11)
  A howler monkey (D:9)
  2 centaur zombies
  8 crimson imps
  A jelly (D:2)
  A quasit (D:9)
  4 centaur skeletons
  6 hounds
  8 orc priests
  11 orc wizards
  6 iguanas
  Terence (D:3)
  5 worker ants
  Natasha (twice) (D:3)
  A hound zombie (D:5)
  2 hound skeletons
  A worker ant zombie (D:7)
  22 gnolls
  A howler monkey skeleton (D:7)
  10 adders
  4 shadow imps
  An adder skeleton (D:8)
  2 adder zombies
  2 dart slugs (D:2)
  8 leopard geckos
  35 orcs
  2 ball pythons (D:3)
  6 bats
  4 giant cockroaches
  9 goblins
  14 hobgoblins
  11 jackals
  5 quokkas
  3 frilled lizards (D:2)
  22 kobolds
  9 rats
328 creatures vanquished.

Vanquished Creatures (others)
  A shadow (D:11)
  An orc wizard (D:4)
  A leopard gecko (D:6)
  A bush (D:5)
  4 plants (D:11)
8 creatures vanquished.

Grand Total: 336 creatures vanquished

Notes
Turn   | Place    | Note
-------+----------+-------------------------------------------
     0 | D:1      | Deathlysoul the Minotaur Fighter began the quest for the
                  | Orb.
     0 | D:1      | Reached XP level 1. HP: 19/19 MP: 0/0
   416 | D:1      | Reached XP level 2. HP: 27/27 MP: 1/1
   485 | D:1      | Reached skill level 1 in Dodging
   675 | D:1      | Reached skill level 4 in Fighting
   694 | D:1      | Reached XP level 3. HP: 33/33 MP: 2/2
  1079 | D:2      | Found a sacrificial altar of Ru.
  1241 | D:2      | Reached XP level 4. HP: 33/40 MP: 3/3
  1903 | D:3      | Noticed Terence
  1914 | D:3      | Killed Terence
  1914 | D:3      | Reached XP level 5. HP: 45/47 MP: 4/4
  2317 | D:3      | Noticed Natasha
  2330 | D:3      | Killed Natasha
  2653 | D:3      | Reached XP level 6. HP: 49/55 MP: 5/5
  2802 | D:3      | Found a runed translucent door.
  2803 | D:3      | Noticed Crazy Yiuf
  3024 | D:4      | Reached skill level 5 in Armour
  3093 | D:4      | Reached skill level 5 in Shields
  3259 | D:3      | Noticed Natasha
  3267 | D:3      | Killed Natasha
  3267 | D:3      | Reached skill level 5 in Fighting
  3635 | D:4      | Reached XP level 7. HP: 45/61 MP: 6/6
  3640 | D:4      | Got an iridescent whip
  3641 | D:4      | Identified the +4 whip of Von Use {freeze, rC+} (You found
                  | it on level 4 of the Dungeon)
  3977 | D:4      | Reached skill level 5 in Maces & Flails
  4242 | D:5      | Entered Level 5 of the Dungeon
  4258 | D:5      | Reached skill level 6 in Fighting
  4349 | D:5      | Reached XP level 8. HP: 32/70 MP: 7/7
  5067 | D:5      | You fall into a shaft and drop 1 floor!
  5217 | D:6      | Noticed Menkaure
  5225 | D:6      | Killed Menkaure
  5303 | D:6      | Reached skill level 5 in Dodging
  5360 | D:6      | Reached skill level 7 in Fighting
  5562 | D:6      | Noticed Pikel
  6491 | D:6      | Killed Pikel
  6491 | D:6      | Reached XP level 9. HP: 68/79 MP: 8/8
  6515 | D:6      | Found a shimmering altar of Xom.
  6594 | D:6      | Noticed Prince Ribbit
  6607 | D:6      | Killed Prince Ribbit
  6772 | D:6      | Noticed Eustachio
  6841 | D:6      | Killed Eustachio
  7351 | D:7      | Noticed Duvessa
  7352 | D:7      | Noticed Dowan
  7386 | D:7      | Killed Duvessa
  7386 | D:7      | Reached skill level 8 in Fighting
  8178 | D:7      | Found a staircase to the Ecumenical Temple.
  8314 | Temple   | Entered the Ecumenical Temple
  8448 | Temple   | Became a worshipper of Warmaster Okawaru
  8765 | D:8      | Noticed a two-headed ogre
  8778 | D:8      | Killed a two-headed ogre
  8778 | D:8      | Reached * piety under Okawaru
  8778 | D:8      | Reached XP level 10. HP: 90/90 MP: 9/9
  9572 | D:8      | Found a shadowy altar of Dithmenos.
  9901 | D:8      | Reached skill level 9 in Fighting
  9923 | D:8      | Reached ** piety under Okawaru
 10016 | D:8      | Noticed a two-headed hydra
 10029 | D:8      | Killed a two-headed hydra
 10232 | D:9      | Found a stormy altar of Qazlal.
 10348 | D:9      | Reached *** piety under Okawaru
 10750 | D:9      | Reached XP level 11. HP: 80/99 MP: 10/10
 11022 | D:9      | Reached skill level 10 in Armour
 11105 | D:9      | Found a shimmering altar of Xom.
 11162 | D:9      | Reached **** piety under Okawaru
 11167 | D:9      | Reached skill level 10 in Fighting
 11167 | D:9      | Reached skill level 10 in Shields
 11422 | D:9      | Found a staircase to the Lair.
 11554 | D:10     | Entered Level 10 of the Dungeon
 12101 | D:10     | Reached skill level 10 in Maces & Flails
 12490 | D:10     | Noticed a tengu reaver
 13049 | D:11     | Noticed a green ugly thing
 13067 | D:11     | Killed a green ugly thing
 13352 | D:10     | Reached ***** piety under Okawaru
 13998 | D:11     | Reached skill level 11 in Fighting
 14621 | D:11     | Killed from afar by a swamp worm

Levels and vault maps discovered:
D:1:      lightli_arrival_quake, layout_loops_ring, serial_park_tiny_1
D:2:      layout_loops_ring, nicolae_ru_awakened_eye, kennysheep_generic_room_2
D:3:      layout_rooms, first_ration, uniq_natasha, uniq_crazy_yiuf_cottage,
          uniq_terence
D:4:      layout_loops_ring, portal_sewer_entry_d
D:5:      layout_basic, minmay_misc_feat_five, minmay_hedge_maze
D:6:      layout_basic, xom_confusion_cloud, uniq_eustachio,
          uniq_prince_ribbit1, uniq_pikel, uniq_menkaure
D:7:      layout_cave_pools, minmay_temple_entry_fiery, grunt_decor_arrowhead,
          hangedman_decor_growths, uniq_duvessa
D:8:      layout_basic, marbit_many_paths, hangedman_ranch
          [blue_anna_fruit_fields]
D:9:      minmay_inner_zag, layout_basic, overflow_temple_1_default,
          grunt_lair_entry_orc_guard_hut, basic_altar
D:10:     layout_rooms, minmay_three_doors
D:11:     layout_basic, worms_lemuel
Temple:   dpeg_five_rooms_temple

Skill      XL: |  1  2  3  4  5  6  7  8  9 10 11 |
---------------+----------------------------------+-----
Dodging        | 1 2 3 4 5 7 8 9 |  9.6
Fighting       | 4 5 6 7 8 9 11 | 11.1
Armour         | 4 5 6 7 8 9 10 | 10.0
Shields        | 4 5 6 7 8 9 10 | 10.0
Maces & Flails | 3 4 5 7 8 9 10 | 10.8

Action                   |  1- 3 |  4- 6 |  7- 9 | 10-12 || total
-------------------------+-------+-------+-------+-------++-------
Melee: Flail             |    82 |   200 |       |       ||   282
       Headbutt          |    10 |    32 |    70 |   116 ||   228
       Whip              |       |       |   368 |   603 ||   971
  Use: Scroll            |       |     6 |     5 |    10 ||    21
       Potion            |       |       |     1 |     1 ||     2
  Eat: Chunk             |     1 |     4 |    17 |     9 ||    31
       Ration            |       |     1 |       |     3 ||     4
Armor: Scale mail        |    44 |    75 |   121 |   108 ||   348
Dodge: Dodged            |    30 |    62 |   125 |   198 ||   415
Block: Shield            |    51 |   102 |   187 |   273 ||   613

Table legend:
 A = Non-vault XP
 B = Vault XP
 C = Vault XP percentage of total XP
 D = Non-vault monster count
 E = Vault monster count
 F = Vault count percentage of total count
                 A         B        C        D         E       F
            +---------+---------+-------+---------+---------+-------
      Total |   12888 |    5259 |  29.0 |     293 |      33 |  10.1
            +---------+---------+-------+---------+---------+-------
        D:1 |      52 |       0 |   0.0 |      22 |       0 |   0.0
        D:2 |      93 |       3 |   3.1 |      20 |       1 |   4.8
        D:3 |     134 |      69 |  34.0 |      30 |       2 |   6.2
        D:4 |     814 |      13 |   1.6 |      31 |       1 |   3.1
        D:5 |     507 |       0 |   0.0 |      17 |       0 |   0.0
        D:6 |     783 |    1535 |  66.2 |      18 |       8 |  30.8
        D:7 |     672 |     135 |  16.7 |      26 |       1 |   3.7
        D:8 |    2373 |    2190 |  48.0 |      30 |       9 |  23.1
        D:9 |    2677 |    1181 |  30.6 |      42 |      10 |  19.2
       D:10 |    3034 |     133 |   4.2 |      38 |       1 |   2.6
       D:11 |    1749 |       0 |   0.0 |      19 |       0 |   0.0
            +---------+---------+-------+---------+---------+-------
